 Dungeon Crawl Stone Soup version 0.19-a0-1922-g1e9a4c1 (webtiles) character file.

289 KarmaPolice the Bolt Thrower (level 6, -4/42 HPs)
             Began as a Halfling Hunter on Oct 24, 2016.
             Killed from afar by an orc wizard (5 damage)
             ... with a magic dart
             ... on level 4 of the Dungeon.
             The game lasted 00:14:07 (4414 turns).

KarmaPolice the Bolt Thrower (Halfling Hunter)      Turns: 4414, Time: 00:14:08

Health: -4/42      AC:  3    Str: 13    XL:     6   Next: 57%
Magic:  6/6        EV: 14    Int:  9    God:
Gold:   139        SH:  0    Dex: 17    Spells: 0 memorised, 5 levels left

rFire  . . .     SeeInvis .     n - +0 rapier
rCold  . . .     Gourm    .     c - +0 leather armour
rNeg   . . .     Faith    .     (shield restricted)
rPois  .         Spirit   .     (no helmet)
rElec  .         Reflect  .     (no cloak)
rCorr  .         Harm     .     (no gloves)
MR     .....                    (no boots)
Stlth  ++........               (no amulet)
                                (no ring)
                                (no ring)

@: lethally poisoned (-4 -> -5)
A: mutation resistance 1
a: no special abilities


You were on level 4 of the Dungeon.
You were not hungry.

You visited 1 branch of the dungeon, and saw 5 of its levels.

You collected 139 gold pieces.

Inventory:

Hand Weapons
 a - a +1 hand crossbow
 n - a +0 rapier (weapon)
Missiles
 d - 31 bolts
Armour
 c - a +0 leather armour (worn)
 i - a +0 crystal plate armour
 t - a cursed +0 chain mail
Scrolls
 e - 2 scrolls of teleportation {unknown}
 h - 3 scrolls of remove curse {unknown}
 k - 3 scrolls of identify {unknown}
 l - 2 scrolls of random uselessness {unknown}
 m - a scroll of enchant armour {unknown}
 r - 2 scrolls of fear {unknown}
 u - a scroll of fog {unknown}
 x - a scroll of noise {unknown}
Potions
 o - a potion of invisibility {unknown}
 p - a potion of haste {unknown}
 q - a potion of lignification {unknown}
Comestibles
 b - 5 chunks of flesh
 f - a bread ration
 g - 4 fruits
 s - a beef jerky
 w - a meat ration


   Skills:
 + Level 3.2 Fighting
 + Level 3.6 Short Blades
 + Level 5.7 Crossbows
 + Level 2.3 Armour
 - Level 2.1 Dodging
 - Level 1.1 Stealth


You had 5 spell levels left.
You didn't know any spells.

Dungeon Overview and Level Annotations

Branches:
Dungeon (5/15)
 Temple: D:4-7

Altars:

Annotations:
D:4 Blork the orc


Innate Abilities, Weirdness & Mutations

You are small and have problems with some larger weapons.
You are somewhat resistant to further mutation.


Message History

The orc wizard hits you with a dagger.
* * * LOW HITPOINT WARNING * * *
You are too injured to fight recklessly!
You are too injured to fight recklessly!
You hit the orc wizard.
The orc wizard is moderately wounded.
The orc wizard barely misses you.
You closely miss the orc wizard.
The orc wizard is moderately wounded.
The orc wizard mumbles some strange words.
The orc wizard blinks!
Unknown command.
You feel sick.
The orc wizard gestures at you while chanting.
The magic dart hits you!
* * * LOW HITPOINT WARNING * * *
Unknown command.
The orc wizard points at you and mumbles some strange words.
The magic dart hits you!
You die...

########.# #.#
#.# #.# #.# #.#
#.# ######
#.####....##
#>...@†....#.#
######.......##
#.........
#.$....###
#.....##
#.....#
####.o.# ...#
...#


You could see an orc wizard.

Vanquished Creatures
  Sigmund (D:3)
  A hound (D:4)
  4 gnolls (D:4)
  An adder (D:4)
  An ooze (D:3)
  4 leopard geckos
  4 orcs (D:3)
  6 bats
  2 giant cockroaches
  5 hobgoblins
  A jackal (D:2)
  A quokka (D:3)
  2 ball pythons
  3 frilled lizards
  8 goblins
  5 kobolds
  6 rats
55 creatures vanquished.

Notes
Turn   | Place    | Note
-------+----------+-------------------------------------------
     0 | D:1      | KarmaPolice the Halfling Hunter began the quest for the Orb.
     0 | D:1      | Reached XP level 1. HP: 14/14 MP: 1/1
   381 | D:1      | Reached XP level 2. HP: 14/19 MP: 2/2
   503 | D:1      | Reached skill level 1 in Short Blades
  1267 | D:2      | Reached XP level 3. HP: 15/24 MP: 3/3
  2001 | D:3      | Reached skill level 5 in Crossbows
  2089 | D:3      | Noticed Sigmund
  2809 | D:3      | Reached XP level 4. HP: 14/30 MP: 4/4
  3154 | D:5      | Entered Level 5 of the Dungeon
  3242 | D:4      | Reached skill level 1 in Armour
  3242 | D:4      | Reached XP level 5. HP: 35/35 MP: 5/5
  3603 | D:4      | Noticed Blork the orc
  3957 | D:3      | Killed Sigmund
  3957 | D:3      | Reached XP level 6. HP: 11/42 MP: 6/6
  4413 | D:4      | HP: 1/42 [orc wizard/magic dart (6)]
  4414 | D:4      | Killed from afar by an orc wizard

Vault maps used:
D:1:      ncdulo_watergridlock
D:2:      hangedman_abyss_or_decor_lesser_grid, kennysheep_generic_room_11
D:3:      uniq_sigmund
D:4:      makhleb_blood_cavern_becter, serial_curves, eino_curves_02,
          eino_curves_03, uniq_blork_the_orc, uniq_robin
D:5:      first_bread, mrwooster_statue_mirror, grunt_ministairs_2,
          nicolae_ru_great_annihilating_truth

Skill      XL: |  1  2  3  4  5 |
---------------+----------------+-----
Fighting       | 2 3 |  3.2
Short Blades   | 1 2 3 |  3.6
Crossbows      | 5 |  5.7
Armour         | 1 2 |  2.3
Dodging        | |  2.1
Stealth        | |  1.1

Action                   |  1- 3 |  4- 6 || total
-------------------------+-------+-------++-------
Melee: Short sword       |   160 |     9 ||   169
       Rapier            |       |    19 ||    19
 Fire: Hand crossbow     |       |    28 ||    28
  Use: Potion            |       |     1 ||     1
 Stab: Sleeping          |     4 |       ||     4
       Distracted        |       |     1 ||     1
  Eat: Chunk             |     6 |     5 ||    11
Armor: Leather armour    |    36 |     2 ||    38
Dodge: Dodged            |   145 |    18 ||   163
